Map: Ephemeron LE

Players

Kelazhur

  • Race: Terran Terran
  • Spawn Location: 5:00

uThermal - Winner!

  • Race: Terran Terran
  • Spawn Location: 11:00

VOD

Have the link to the VOD?

Description

Time

  • Played on: Sept. 6, 2019, 8:35 p.m.
  • Length: 14:26
Show
View Real Time Build Order
Export as new Build Order

Kelazhur Terran 

Build Orders:  

Get SALT Encoding   

  12  0:00  SCV  
  13  0:12  SCV  
  14  0:17  Supply Depot  
  14  0:24  SCV  
  14  0:27  Refinery  
  15  0:38  SCV  
  16  0:44  Barracks  
  16  0:50  SCV  
  16  0:55  Refinery  
  17  1:02  SCV  
  18  1:14  SCV  
  19  1:31  Orbital Command  
  19  1:32  Factory  
  19  1:34  Reaper  
  20  1:42  Supply Depot  
  20  1:56  SCV  
  21  2:06  Reaper  
  22  2:08  SCV  
  25  2:16  Hellion  
  25  2:20  SCV  
  26  2:29  Command Center  
  26  2:33  SCV  
  29  2:37  Widow Mine  
  29  2:38  Barracks Tech Lab  
  29  2:42  Supply Depot  
  29  2:46  SCV  
  30  2:58  SCV, Starport  
  31  3:05  Barracks Reactor  
  31  3:08  Cyclone  
  31  3:12  SCV  
  35  3:24  SCV  
  33  3:37  SCV  
  29  3:49  Marine x2, SCV  
  29  3:55  Refinery  
  32  3:56  Factory Tech Lab, Raven  
  32  3:57  Orbital Command  
  32  4:01  SCV  
  35  4:07  Marine x2  
  37  4:13  SCV  
  37  4:14  Siege Tank  
  41  4:24  Marine x2, SCV  
  41  4:25  SCV  
  41  4:26  Supply Depot  
  42  4:36  SCV  
  42  4:38  SCV  
  44  4:46  Siege Tank  
  44  4:49  SCV  
  44  4:50  SCV, Starport Reactor, Barracks x2  
  44  4:51  Marine, Stimpack  
  44  4:52  Supply Depot  
  50  5:01  SCV  
  50  5:02  SCV  
  50  5:03  Engineering Bay  
  52  5:09  Marine  
  52  5:13  SCV  
  54  5:14  SCV  
  54  5:18  Siege Tank  
  58  5:25  SCV, Supply Depot  
  58  5:26  SCV  
  60  5:29  Terran Infantry Weapons Level 1  
  60  5:31  Marine  
  61  5:35  Starport Reactor  
  61  5:37  Marine x2, SCV  
  61  5:38  SCV  
  65  5:42  Marine  
  65  5:43  Marine  
  65  5:48  Marine  
  65  5:49  SCV, Refinery  
  69  5:51  SCV  
  69  5:53  Siege Tank  
  69  5:55  Marine x2  
  75  6:02  Supply Depot  
  74  6:06  Marine x2  
  74  6:07  Marine  
  74  6:11  SCV x2  
  74  6:13  Marine  
  74  6:14  Marine  
  74  6:16  Command Center  
  74  6:17  Medivac  
  77  6:23  Marine, Medivac, Supply Depot  
  80  6:25  Supply Depot  
  80  6:26  Marine x2  
  80  6:31  SCV  
  83  6:36  Siege Tank, Combat Shield  
  86  6:44  Marine  
  87  6:47  Sensor Tower  
  87  6:48  SCV x2  
  87  6:49  Marine x2  
  91  6:58  Marine x2  
  93  7:02  Marine  
  93  7:08  Marine x2  
  95  7:10  Siege Tank  
  98  7:22  Barracks x2  
  98  7:24  Viking  
  98  7:25  Viking  
  99  7:34  Marine  
  100  7:38  Marine  
  100  7:39  Marine x2  
  100  7:43  SCV  
  104  7:44  Terran Infantry Armor Level 1  
  104  7:50  Marine  
  105  7:54  Medivac x2  
  105  7:57  Marine  
  106  8:00  SCV  
  106  8:01  Marine  
  106  8:03  Marine x2  
  106  8:04  SCV  
  106  8:05  Orbital Command  
  108  8:08  Marine  
  108  8:10  Barracks Reactor  
  108  8:11  Barracks Reactor  
  109  8:13  SCV  
  109  8:15  Siege Tank  
  109  8:16  SCV  
  114  8:24  Marine x3  
  117  8:28  Engineering Bay  
  117  8:29  Armory  
  117  8:30  Supply Depot  
  117  8:39  Supply Depot x2  
  117  8:50  Marine x2, SCV  
  117  8:51  Marine x6  
  117  8:52  SCV x2  
  125  8:59  Supply Depot  
  125  9:00  Marine  
  125  9:02  SCV  
  121  9:04  SCV  
  121  9:07  Marine  
  121  9:12  SCV  
  121  9:13  Command Center, Sensor Tower  
  121  9:14  SCV  
  121  9:16  Supply Depot  
  123  9:19  Terran Infantry Weapons Level 2  
  120  9:24  Siege Tank  
  120  9:25  Marine  
  120  9:27  SCV  
  120  9:28  SCV  
  120  9:29  SCV  
  127  9:36  Medivac  
  127  9:37  Medivac  
  127  9:38  Marine x4  
  131  9:41  Marine  
  131  9:45  Refinery x2  
  136  9:49  Terran Infantry Armor Level 2  
  136  9:50  Marine x2  
  136  9:52  Marine x2  
  139  9:56  Marine  
  139  9:57  Siege Tank  
  139  9:59  Supply Depot  
  143  10:01  Marine x2  
  143  10:03  Marine  
  143  10:04  Marine  
  146  10:20  Marine x4  
  150  10:26  Terran Vehicle Weapons Level 1  
  150  10:35  Missile Turret  
  150  10:38  Marine x8  
  158  10:44  Siege Tank  
  158  10:45  Medivac x2  
  158  10:47  Marine  
  166  10:53  Barracks x3, Planetary Fortress  
  166  10:55  SCV x3, Factory  
  166  10:56  Marine x2  
  171  11:04  Marine x4  
  172  11:09  Missile Turret  
  175  11:12  SCV x3  
  175  11:17  Supply Depot  
  176  11:18  Supply Depot  
  176  11:24  Marine x8, SCV  
  173  11:29  Medivac  
  173  11:32  Marine  
  171  11:36  Siege Tank  
  174  11:42  Marine x2  
  174  11:45  Marine x6  
  175  11:50  Marine  
  176  11:58  Viking  
  176  11:59  Viking  
  176  12:00  Marine  
  176  12:01  Barracks Reactor x2  
  181  12:02  Factory Tech Lab, Barracks Reactor  
  173  12:10  Siege Tank  
  173  12:13  Marine  
  173  12:15  Marine x3  
  173  12:26  Marine x3  
  173  12:28  Medivac  
  173  12:29  Medivac  
  178  12:34  Marine  
  178  12:35  Marine x5  
  178  12:37  Siege Tank  
  178  12:42  Siege Tank  
  178  12:43  Marine  
  156  12:55  Marine x4  
  156  12:56  Marine x9  
  156  12:57  Command Center  
  168  12:58  Medivac  
  168  12:59  Medivac  
  172  13:11  Liberator  
  172  13:12  Marine x2, Liberator  
  173  13:13  Marine x6  
  168  13:28  Marine  
  168  13:29  Marine x4  
  168  13:30  Marine  
  154  13:36  Marine  
  154  13:38  Siege Tank  
  154  13:40  Marine x2  
  150  13:42  Marine  
  150  13:43  Marine x2  
  150  13:44  Marine x2  
  150  13:46  Marine x4  
  150  13:47  Marine  
  154  13:58  Marine  
  154  14:00  SCV  
  142  14:12  SCV  
Show
View Real Time Build Order
Export as new Build Order

uThermal Terran - Winner!

Build Orders: Cyclone Opening 

Get SALT Encoding   

  12  0:01  SCV  
  13  0:13  SCV  
  14  0:17  Supply Depot  
  14  0:25  SCV  
  14  0:28  Refinery  
  15  0:39  SCV  
  16  0:44  Barracks  
  16  0:51  SCV  
  16  0:55  Refinery  
  17  1:03  SCV  
  18  1:15  SCV  
  19  1:31  Orbital Command, Reaper  
  20  1:36  Factory  
  20  1:45  Supply Depot  
  20  1:58  SCV  
  21  2:04  Barracks Tech Lab  
  21  2:10  SCV  
  22  2:22  SCV  
  23  2:26  Cyclone  
  26  2:35  Command Center  
  26  2:43  Supply Depot  
  26  2:44  SCV  
  27  2:57  SCV  
  27  2:58  Cyclone  
  30  3:04  Starport  
  30  3:07  Barracks Reactor  
  30  3:11  SCV  
  31  3:23  SCV  
  31  3:35  SCV  
  32  3:47  Factory Tech Lab, SCV  
  30  3:48  Marine, Raven  
  30  3:49  Marine, Orbital Command  
  34  3:59  SCV  
  35  4:06  Marine x2  
  35  4:09  Refinery  
  37  4:10  Siege Tank  
  37  4:11  SCV  
  37  4:15  SCV  
  42  4:23  SCV  
  43  4:24  Marine x2  
  43  4:27  SCV  
  45  4:34  Supply Depot  
  45  4:35  SCV  
  46  4:39  SCV  
  46  4:40  Banshee  
  46  4:43  Marine x2  
  46  4:45  Supply Depot  
  52  4:48  SCV  
  52  4:51  SCV  
  54  4:56  Siege Tank  
  54  4:57  Supply Depot  
  57  5:00  SCV  
  57  5:01  Marine x2  
  57  5:03  SCV  
  61  5:13  SCV  
  61  5:14  Command Center  
  62  5:15  SCV  
  63  5:25  SCV  
  63  5:27  SCV  
  63  5:28  Siege Tank  
  68  5:32  Viking  
  68  5:34  Viking  
  72  5:37  SCV  
  72  5:40  Marine, Supply Depot  
  74  5:43  Stimpack  
  74  5:45  SCV  
  74  5:49  SCV  
  76  5:54  Refinery  
  76  5:55  Supply Depot  
  76  5:58  SCV  
  76  6:01  SCV  
  76  6:02  Siege Tank  
  81  6:10  SCV, Viking  
  81  6:14  SCV, Viking  
  84  6:19  Marine  
  84  6:22  SCV  
  86  6:26  SCV, Orbital Command  
  87  6:34  SCV  
  87  6:36  Barracks  
  87  6:37  Barracks  
  87  6:38  SCV  
  87  6:39  Siege Tank  
  92  6:46  SCV, Viking  
  95  6:50  SCV, Viking  
  98  6:55  Orbital Command  
  98  6:57  Marine  
  98  6:58  SCV  
  100  7:02  SCV  
  100  7:04  Engineering Bay  
  100  7:05  Engineering Bay  
  101  7:11  Siege Tank, SCV  
  104  7:17  SCV  
  104  7:18  Supply Depot  
  104  7:22  Orbital Command  
  103  7:30  Barracks Reactor  
  103  7:32  Barracks Reactor  
  103  7:35  Marine  
  98  7:39  SCV  
  98  7:42  SCV  
  98  7:43  Siege Tank  
  102  7:49  Combat Shield  
  102  7:50  SCV  
  103  7:51  SCV  
  103  7:53  Marine  
  103  7:54  SCV  
  106  7:58  Orbital Command  
  106  8:03  SCV  
  107  8:06  Armory  
  107  8:07  Terran Infantry Armor Level 1, Terran Infantry Weapons Level 1  
  107  8:11  Marine, Missile Turret  
  107  8:12  Missile Turret  
  108  8:13  Missile Turret  
  108  8:15  Siege Tank  
  108  8:18  Sensor Tower  
  108  8:19  SCV  
  112  8:25  Marine x3  
  115  8:28  SCV  
  116  8:34  Supply Depot  
  116  8:37  Supply Depot  
  116  8:38  Marine  
  117  8:51  Supply Depot  
  117  8:56  Marine x4, SCV x3  
  117  8:57  Marine  
  117  9:01  Siege Tank  
  128  9:08  SCV x3  
  129  9:10  Medivac x2  
  129  9:13  Marine x4  
  137  9:20  Supply Depot  
  137  9:21  Marine  
  138  9:27  Barracks  
  138  9:28  Barracks, Supply Depot  
  138  9:31  Marine x2  
  140  9:39  Terran Vehicle Weapons Level 1  
  140  9:40  Marine, Supply Depot x2  
  140  9:41  Siege Tank  
  140  9:44  Medivac x2  
  148  9:58  Command Center  
  148  10:03  Supply Depot, Refinery, Terran Infantry Weapons Level 2  
  148  10:06  Terran Infantry Armor Level 2  
  148  10:08  Marine x2  
  148  10:13  Marine, Siege Tank  
  154  10:16  Marine  
  154  10:19  Barracks Reactor  
  156  10:21  Refinery  
  156  10:26  Marine x2, Barracks Reactor  
  156  10:28  Marine  
  158  10:31  Marine  
  158  10:33  SCV  
  158  10:35  SCV  
  161  10:36  Marine  
  161  10:37  Missile Turret x2  
  161  10:41  Medivac  
  164  10:44  Marine x2  
  164  10:46  Marine, Siege Tank, Supply Depot  
  164  10:48  Marine  
  171  10:52  Missile Turret  
  171  10:53  Marine  
  171  10:55  Missile Turret  
  172  10:57  Marine x2  
  172  11:00  Medivac  
  172  11:02  Marine  
  172  11:03  Marine x3  
  180  11:08  Marine x2  
  180  11:09  Supply Depot  
  182  11:13  Marine  
  182  11:18  Siege Tank  
  186  11:21  Medivac  
  186  11:22  Marine  
  186  11:24  Marine  
  186  11:25  Marine x2  
  191  11:26  Marine  
  191  11:28  Marine  
  194  11:37  Marine  
  195  11:42  Marine  
  195  11:44  Marine, Medivac  
  195  11:45  Marine  
  200  11:49  Supply Depot  
  200  11:50  Supply Depot  
  200  12:05  Marine  
  200  12:07  Marine  
  199  12:09  Marine, Medivac  
  199  12:13  Planetary Fortress  
  200  12:34  Marine x2  
  200  12:35  Marine x2  
  196  12:39  Marine, Siege Tank  
  200  12:50  Medivac  
  184  12:51  Marine x2  
  184  12:53  Marine x2  
  184  12:57  Barracks x2  
  184  12:58  SCV x2, Marine x2, Barracks  
  185  13:01  Marine  
  189  13:09  Marine x2  
  189  13:11  Siege Tank  
  191  13:13  SCV x2  
  191  13:14  SCV  
  191  13:15  Marine, Factory  
  191  13:17  Marine  
  194  13:22  Marine  
  188  13:27  Marine x2  
  188  13:28  Marine x2  
  188  13:30  Marine  
  188  13:32  Marine  
  169  13:38  Marine  
  169  13:39  Marine  
  169  13:40  Marine  
  151  13:43  Siege Tank  
  151  13:45  Marine x2  
  151  13:46  Marine x2  
  158  13:52  Marine  
  158  13:55  Marine x4  
  160  13:56  Marine x2  
  165  14:07  Supply Depot  
  162  14:10  Supply Depot  
  162  14:13  Command Center  
Tags
 
Add a new tag
Caveats
  • Supply blocks, unpowered buildings, or Contaminate may cause inaccurate times.
  • Supply counts are checked every 10 seconds.